Brid, chaotic male elven Wizard ----- ------ ------ |...| #-....-# |....| |...-# -------------- ---------- #|....|# |....| |...|### #.............| |........| #|....|# |....| |...| # ###|............| #....{....| #|....+### |....| --.-- ######|............| ###|....@<..| #|....|####-....| # ### |............| # #-...Z....| #------# -.---- # #####-............| #"# #----|-----################### # # ### -----------.--#####[#######[##### # # # [ # ####### # # # # # # # # # # ### # # # # # ### # # #### # # # # # # # -|------|--# # # --.--# ### # |.........|## ###### ## |..^|# # # |.........|## --|---# --.------ |...|# ----|-# |.....#>.`| # |..... |.......| |....# |....|## ----------- ###|....| |.......| |...| |.....# #-....| |.......| ----- ------ ------ --------- Brid the Thaumaturge Experience level: 8 Strength: 12 Dexterity: 15 Constitution: 16 Intelligence: 16 Wisdom: 11 Charisma: 11 Health: 0(61) Energy: 65(79) Def: 8 Gold: 348 Moves: 7829 Dungeon seed: 2Yyr4G-ny3rfI2jE Game ID: Brid_1616015915 Your Inventory: Coins $ - 348 gold pieces Weapons a - a blessed +4 quarterstaff (weapon in hands) x - a +1 orcish bow (alternate weapon; not wielded) B - 8 poisoned +0 orcish arrows (in quiver) E - 11 poisoned +0 arrows W - a +0 silver dagger Z - 9 +0 arrows Armor e - an uncursed +2 cloak of magic resistance (being worn) r - a blessed +1 pair of high boots (being worn) T - an uncursed +0 dwarvish iron helm (being worn) Comestibles w - an uncursed slime mold K - 2 uncursed food rations P - an uncursed lizard corpse Scrolls j - an uncursed scroll of create monster k - 2 cursed scrolls of remove curse s - an uncursed scroll of teleportation t - an uncursed scroll of confuse monster z - 4 uncursed scrolls of blank paper A - a cursed scroll of enchant armor D - an uncursed scroll of remove curse I - a cursed scroll of confuse monster O - an uncursed scroll of blank paper Spellbooks l - a blessed spellbook of force bolt m - an uncursed spellbook of healing Potions d - an uncursed potion of levitation f - 3 uncursed potions of oil h - 2 uncursed potions of water u - a cursed potion of monster detection Rings c - an uncursed ring of teleportation v - an uncursed ring of searching (on left hand) y - an uncursed +1 ring of gain strength (on right hand) F - a cursed -1 ring of gain constitution Wands b - a wand of striking (0:6) C - a wand of magic missile (0:7) V - a wand of digging (0:7) Tools g - an uncursed partly used tallow candle (0:129) i - an uncursed brass lantern (0:701) n - a magic marker (0:0) o - an uncursed bell p - an uncursed oil lamp (0:1412) G - an uncursed lock pick N - an uncursed bag of holding Q - an uncursed magic whistle R - an uncursed skeleton key S - an uncursed blindfold X - a +0 pick-axe Gems q - 2 uncursed worthless pieces of white glass J - 4 uncursed worthless pieces of yellow glass L - an uncursed worthless piece of blue glass M - an uncursed jasper stone U - an uncursed worthless piece of violet glass Y - an uncursed worthless piece of green glass Spells and supernatural/magical abilities: Name Level Category Fail Memory a - force bolt 1 attack 0% 61% h - healing 1 healing 0% 61% W - pray for help -- divine ? -- Your skills at the end: Fighting Skills Weapon Skills quarterstaff [Basic] Spellcasting Skills attack spells [Basic] enchantment spells [Basic] Final Attributes: You were piously aligned. You were sleep resistant. You were magic-protected. You were telepathic. You had automatic searching. You had infravision. You are dead. Vanquished creatures: a giant mimic 3 small mimics a chameleon a giant beetle a leprechaun a black light a gnome king a gold golem a werewolf a lizard a chickatrice 4 dogs a dwarf lord a blue jelly a dust vortex a wood nymph a water nymph 2 mountain nymphs 5 Mordor orcs 7 Uruk-hai an orc shaman 2 ponies a yellow light 2 shriekers a violet fungus 11 gnome lords 3 gnomish wizards a kobold mummy an elf zombie 2 paper golems 2 giant ants 2 floating eyes 7 dwarves a kobold lord a kobold shaman a rabid rat a centipede 2 giant bats 2 werejackals 4 iguanas 9 killer bees 3 acid blobs 2 coyotes 5 hobbits 8 manes a large kobold 2 hobgoblins 2 giant rats a yellow mold 2 green molds a red mold 21 gnomes 2 geckos 12 jackals 2 foxes 2 kobolds 2 goblins 5 sewer rats 5 grid bugs 3 bats 5 lichens a kobold zombie 8 newts 188 creatures vanquished. Voluntary challenges: You used a wielded weapon 182 times, starting on turn 139. You read items or engraved 19 times, starting on turn 1731. You never genocided any monsters. You never polymorphed an object. You never changed form. You used no wishes. You never split a pudding. You never wrote Elbereth's name. You violated your moral code, losing 1 point of alignment, starting on turn 6874. Dungeon overview: The Dungeons of Doom: levels 1 to 7 Level 1 a fountain a long staircase Level 2 Level 3 stairs to The Gnomish Mines Level 4 a fountain Level 5 a scroll shop Level 6 <- You were here an altar to Ptah, a fountain, a sink Level 7 The Gnomish Mines: levels 4 to 6 Level 4 stairs to The Dungeons of Doom Level 5 Level 6 many shops, a temple to Anhur, some fountains History has recorded: On T:1 you entered the Dungeons of Doom to retrieve the Amulet of Yendor! On T:462 you reached level 2 of The Dungeons of Doom. On T:515 you advanced to experience level 2. On T:791 you reached level 3 of The Dungeons of Doom. On T:1004 you advanced to experience level 3. On T:1285 you reached level 4 of The Dungeons of Doom. On T:1578 you reached level 5 of The Dungeons of Doom. On T:1623 you advanced to experience level 4. On T:1624 you advanced to experience level 5. On T:1625 you advanced to experience level 6. On T:2739 you reached level 1 of The Gnomish Mines. On T:3586 you reached level 2 of The Gnomish Mines. On T:3603 you advanced to experience level 7. On T:4141 you reached level 3 of The Gnomish Mines. On T:4315 you advanced to experience level 8. On T:7126 you reached level 6 of The Dungeons of Doom. On T:7778 you reached level 7 of The Dungeons of Doom. Score breakdown: Gold: 348 ( 8649 points) Experience: 8 levels (14739 points) Exploration: 7 levels ( 14.29%) (10606 points) Discoveries: 30 items ( 10.79%) ( 9855 points) Valuables value: (no points given unless you survive) Artifact value: 0 ( 0 points) Variety of kills: 63 monsters ( 16.54%) (12199 points) Turncount: 7829 turns (-2017 points) Survival: died (score multiplied by 80%) Total score: 43224 Latest messages: The ettin zombie misses. A slime mold lands on the altar. A bag lands on the altar. You have a little trouble lifting w - an uncursed slime mold. You have a little trouble lifting N - an uncursed bag. You hit the ettin zombie! The ettin zombie hits! (2x) The spell hits the ettin zombie! The ettin zombie just misses! The ettin zombie hits! You feel much better. The ettin zombie hits! (2x) The spell misses the ettin zombie. The ettin zombie hits! You die... Final status: Goodbye Brid the Wizard, killed by an ettin zombie... You died in The Dungeons of Doom on dungeon level 6 with 43224 points, and 348 pieces of gold, after 7829 moves. You were level 8 with a maximum of 61 hit points when you died.